 Dungeon Crawl Stone Soup version 0.30.1-11-g7821555f0a (webtiles) character file.

Game seed: 8770802904244605991

128 comborobin the Covert (level 4, -15/23 HPs)
             Began as a Spriggan Delver on Dec 4, 2023.
             Killed from afar by Maggie (20 damage)
             ... with a bolt of fire
             ... on level 7 of the Dungeon.
             The game lasted 00:01:35 (311 turns).

comborobin the Covert (Spriggan Delver)              Turns: 311, Time: 00:01:36

Health: -15/23     AC:  2    Str:  8    XL:     4   Next: 87%
Magic:  5/5        EV: 19    Int: 11    God:
Gold:   26         SH:  0    Dex: 18    Spells: 3/3 levels left

rFire   . . .        a - +0 short sword
rCold   . . .        (no shield)
rNeg    . . .        b - +0 robe
rPois   .            (helmet restricted)
rElec   .            (no cloak)
rCorr   .            (gloves unavailable)
SInv    +            (boots unavailable)
Will    .....        (no amulet)
Stlth   ++++         (no ring)
HPRegen 0.23/turn    (no ring)
MPRegen 0.09/turn

%: no passive effects
@: hasted, very quick
A: very small, no large weapons, unfitting armour, see invisible, speed 3
a: no special abilities


You were on level 7 of the Dungeon.
You visited 1 branch of the dungeon, and saw 4 of its levels.

You collected 26 gold pieces.

Inventory:

Hand Weapons
 a - a +0 short sword (weapon)
Missiles
 l - a poisoned dart (quivered)
Armour
 b - a +0 robe (worn)
Wands
 g - a wand of digging (1)
Scrolls
 c - 2 scrolls of fog
 d - a scroll of blinking {unknown}
 h - a scroll of teleportation {unknown}
 i - 2 scrolls of enchant weapon {unknown}
Potions
 j - a potion of attraction {unknown}


   Skills:
 - Level 2.4 Fighting
 + Level 3.7 Short Blades
 + Level 4.4 Dodging
 + Level 8.4 Stealth


You had 3 spell levels left.
You didn't know any spells.
Your spell library contained the following spells:

 Spells                   Type           Power      Damage    Failure   Level
 Sandblast                Erth           0%         2d4       34%         1
 Passwall                 Tmut/Erth      0%         N/A       47%         2
 Stone Arrow              Conj/Erth      0%         3d7       71%         3


Dungeon Overview and Level Annotations

Branches:
Dungeon (8/15)               Lair (0/5) D:8
 Temple: D:4-7

Altars:

Annotations:
D:5 Sigmund
D:7 Maggie, Pikel


Innate Abilities, Weirdness & Mutations

You are very small and have problems with some larger weapons.
You are too small for most types of armour.
You have supernaturally acute eyesight. (SInv)
You cover ground extremely quickly. (Speed+++)


Message History

You slide downwards.
The hatch slams shut behind you.
Level annotation: Pikel The helpless Maggie fails to defend herself.
You impale Maggie!!
Maggie is heavily wounded.
You barely miss Maggie.
Maggie is heavily wounded.
Maggie hits you with a +0 long sword!
Ouch! That really hurt!
You feel yourself speed up. Maggie hits you with a +0 long sword.
It was a potion of curing.
You feel better. Maggie closely misses you.
Okay, then.
Okay, then.
Okay, then.
As you read the scroll of fear, it crumbles to dust.
You assume a fearsome visage.
Maggie looks frightened!
You barely miss Maggie.
Maggie is heavily wounded.
Found an escape hatch in the floor.
You catch the helpless Maggie completely off-guard!
You puncture Maggie!
Your attack snaps Maggie out of her fear.
Maggie is almost dead.
Maggie barely misses you.
You hit Maggie.
Maggie is almost dead.
You hit Maggie.
Maggie is almost dead.
Maggie casts a spell at you. The bolt of fire hits you!
Ouch! That really hurt!
* * * LOW HITPOINT WARNING * * *
You barely miss Maggie.
Maggie is almost dead.
You hit Maggie.
Maggie is almost dead.
Maggie casts a spell at you. The bolt of fire hits you!!
Ouch! That really hurt!
You die...

..#....##
.#.......##
..##......5#
###.#
####.##..
#.... #. ...
...# #..###
##..# ##.
#..# . #@.#
.. #>.@## ##
#..## ##+


You could see Maggie.

Vanquished Creatures
  A bullfrog (D:7)
  A scorpion (D:6)
2 creatures vanquished.

Notes
Turn   | Place    | Note
-------+----------+-------------------------------------------
     0 | D:5      | comborobin the Spriggan Delver began the quest for the Orb.
     0 | D:5      | Reached XP level 1. HP: 11/11 MP: 2/2
     1 | D:6      | Noticed a scorpion
    22 | D:6      | Killed a scorpion
    23 | D:6      | Reached skill level 8 in Stealth
    23 | D:6      | Reached XP level 2. HP: 16/16 MP: 3/3
    23 | D:6      | Reached XP level 3. HP: 19/19 MP: 4/4
    34 | D:6      | Noticed a scorpion
    84 | D:7      | Noticed a bullfrog
    89 | D:7      | Killed a bullfrog
    90 | D:7      | Reached XP level 4. HP: 23/23 MP: 5/5
   131 | D:8      | Noticed a centaur
   144 | D:7      | Noticed a lemure
   156 | D:7      | Noticed a lemure
   162 | D:7      | Noticed Pikel
   162 | D:7      | Noticed a lemure
   162 | D:7      | Noticed a lemure
   181 | D:7      | Noticed a bullfrog
   268 | D:5      | Noticed Sigmund
   283 | D:6      | Noticed an ogre
   283 | D:6      | Noticed an ogre
   299 | D:7      | Noticed Maggie
   311 | D:7      | Killed from afar by Maggie

Illustrated notes

Levels and vault maps discovered:
D:5:      layout_rooms, serial_shops, shop, kennysheep_small_circle,
          uniq_duvessa, uniq_sigmund, uniq_prince_ribbit1
D:6:      layout_rooms, serial_shops, shop
D:7:      kennysheep_seaside_town, layout_cave_pools, dreamdust_princess_bridge,
          uniq_pikel, uniq_maggie
D:8:      layout_loops_ring, david_lair_generic, special_room [special_room_orc]

Skill      XL: |  1  2  3 |
---------------+----------+-----
Short Blades   | 3 |  3.7
Dodging        | 3 4 |  4.4
Stealth        | 8 |  8.4
Fighting       | |  2.4

Action                     |  1- 3 |  4- 6 || total
---------------------------+-------+-------++-------
  Melee: Short sword       |     3 |    10 ||    13
  Throw: Dart              |       |     5 ||     5
  Evoke: Wand              |       |     2 ||     2
    Use: Scroll            |       |     2 ||     2
         Potion            |       |     2 ||     2
   Stab: Sleeping          |     2 |     1 ||     3
         Fleeing           |       |     1 ||     1
  Dodge: Dodged            |     3 |    12 ||    15
